 Dungeon Crawl Stone Soup version 0.28.0-53-g5a82cb258f (webtiles) character file.

Game seed: 9779834108731398330

21 mcbry74 the Firebug (level 2, -1/20 HPs)
             Began as a Hill Orc Fire Elementalist on July 5, 2022.
             Slain by a quokka (2 damage)
             ... on level 1 of the Dungeon.
             The game lasted 00:02:45 (911 turns).

mcbry74 the Firebug (Hill Orc Fire Elementalist)     Turns: 911, Time: 00:02:45

Health: -1/20      AC:  2    Str: 10    XL:     2   Next: 83%
Magic:  1/4        EV: 12    Int: 15    God:
Gold:   30         SH:  0    Dex: 11    Spells: 3/4 levels left

rFire   . . .      SeeInvis .   c - +0 dagger (speed)
rCold   . . .      Faith    .   (no shield)
rNeg    . . .      Spirit   .   a - +0 robe
rPois   .          Reflect  .   (no helmet)
rElec   .          Harm     .   (no cloak)
rCorr   .          Rampage  .   (no gloves)
Will    .....                   (no boots)
Stlth   ++........              (no amulet)
HPRegen 0.06/turn               (no ring)
MPRegen 0.09/turn               (no ring)

@: no status effects
A: no striking features
a: no special abilities


You were on level 1 of the Dungeon.
You visited 1 branch of the dungeon, and saw 1 of its levels.

You collected 30 gold pieces.

Inventory:

Hand Weapons
 b - a +0 club
 c - a +0 dagger of speed (weapon)
Armour
 a - a +0 robe (worn)
Scrolls
 d - 2 scrolls of identify {unknown}


   Skills:
 - Level 1.5 Dodging
 - Level 1.5 Stealth
 - Level 1.5 Spellcasting
 - Level 1.0 Conjurations
 + Level 4.4 Fire Magic


You had 3 spell levels left.
You knew the following spells:

 Your Spells              Type           Power      Damage    Failure   Level
a - Foxfire               Conj/Fire      36%        2x1d5     8%          1

Your spell library contained the following spells:

 Spells                   Type           Power      Damage    Failure   Level
 Scorch                   Fire           28%        2d6       6%          2
 Conjure Flame            Conj/Fire      9%         6-21      22%         3
 Inner Flame              Hex/Fire       7%         N/A       28%         3
 Flame Wave               Conj/Fire      9%         2d5       58%         4


Dungeon Overview and Level Annotations

Branches:
Dungeon (1/15)

Altars:


Message History

The foxfire hits the goblin.
You kill the goblin!
The foxfire hits the quokka but does no damage.
The quokka is moderately wounded.
The quokka barely misses you.
Casting: Foxfire (safe; 8% risk of failure)
Confirm with . or Enter, or press ? or * to list all spells.
You miscast Foxfire.
You are very lightly contaminated with residual magic.
Nothing appears to happen.
The quokka bites you. The quokka barely misses you.
The quokka bites you but does no damage.
The quokka completely misses you. The quokka barely misses you.
You closely miss the quokka.
The quokka is severely wounded.
The quokka closely misses you. The quokka misses you.
You hit the quokka but do no damage.
The quokka is moderately wounded.
Your magical contamination has completely faded away.
The quokka bites you but does no damage.
The quokka bites you.
You barely miss the quokka.
The quokka is moderately wounded.
The quokka bites you.
* * * LOW HITPOINT WARNING * * *
The quokka bites you.
* * * LOW HITPOINT WARNING * * *
You see here a +0 short sword.
The quokka twitches its whiskers.
The quokka bites you.
* * * LOW HITPOINT WARNING * * *
Casting: Foxfire (safe; 8% risk of failure)
Confirm with . or Enter, or press ? or * to list all spells.
You conjure some foxfire!
The quokka barely misses you. x2
The foxfire hits the hobgoblin.
The hobgoblin is severely wounded.
The foxfire hits the hobgoblin.
You kill the hobgoblin!
The quokka bites you.
You die...

####.########....###.####.# #
#.# #....# #...##.# # #'# #....#
#...##.### # ........# #....#
#...##...# # ........# #....#
#...##...# # ........# #....#
#....#...# ........#####..÷÷#
#....#...#
........+.....†r.######.#...#
........#......r@....##.....###
........#..........#..........#
............)÷..##.#......[...#
.....#.#.#.#.....#.#..........#
......>.......##.#............##
...#.#.#.#.#..#
.#.............##
...#.........##
.##.............. .. #.#)#.#.#.#
..+......###.#### ...#.........#
###...... #.#


You could see 2 quokkas.

Vanquished Creatures
  A dart slug (D:1)
  2 ball pythons (D:1)
  2 bats (D:1)
  A giant cockroach (D:1)
  4 goblins (D:1)
  4 hobgoblins (D:1)
  A quokka (D:1)
  A rat (D:1)
16 creatures vanquished.

Vanquished Creatures (others)
  34 foxfires (D:1)
34 creatures vanquished.

Grand Total: 50 creatures vanquished

Notes
Turn   | Place    | Note
-------+----------+-------------------------------------------
     0 | D:1      | mcbry74 the Hill Orc Fire Elementalist began the quest for
                  | the Orb.
     0 | D:1      | Reached XP level 1. HP: 14/14 MP: 3/3
   329 | D:1      | Reached XP level 2. HP: 20/20 MP: 1/4
   384 | D:1      | Reached skill level 4 in Fire Magic
   560 | D:1      | HP: 1/20 [dart slug/slug dart (3)]
   909 | D:1      | HP: 1/20 [quokka (2)]
   911 | D:1      | Slain by a quokka

Illustrated notes

Levels and vault maps discovered:
D:1:      kilobyte_arrival_exit_the_forest, layout_basic, st_stairs_2,
          minmay_split_cup_large

Skill      XL: |  1  2 |
---------------+-------+-----
Fire Magic     | 4 |  4.4
Dodging        | |  1.5
Stealth        | |  1.5
Spellcasting   | |  1.5
Conjurations   | |  1.0

Action                   || total
-------------------------++-------
Melee: Club              ||     2
       Dagger            ||    17
 Cast: Foxfire           ||    19
Armor: Robe              ||     6
Dodge: Dodged            ||    26
